TOP OF THE 1ST |
Vista Panthers batting - Pitching for San Francisco Bandits : LHP Tomiji Takuda
|
Pitching: LHP Tomiji Takuda
|
|
Batting: RHB Danny Crouch
|
0-0: Called Strike 0-1: Foul Ball, location: 2F 0-2: Foul Ball, location: 2F 0-2: Ground out 1-3 (Groundball, 13S)
|
Batting: SHB Juan Gómez
|
0-0: Ball 1-0: Called Strike 1-1: Fly out, F2 (Popup, 2LF)
|
Batting: LHB Harry Pitts
|
0-0: Ball 1-0: SINGLE (Line Drive, 9S)
|
Batting: RHB Wilson López
|
0-0: Ball 1-0: Ball 2-0: Called Strike Harry Pitts steals 2nd base 2-1: Ball 3-1: Base on Balls
|
Batting: RHB Jason Jackson
|
0-0: Foul Ball, location: 2F 0-1: Called Strike 0-2: Foul Ball, location: 2F 0-2: Ball 1-2: DOUBLE (Flyball, 8RXD) Harry Pitts scores Wilson López to third
|
Batting: LHB Patrick Osborne
|
0-0: Ball 1-0: Foul Ball, location: 2F 1-1: Called Strike 1-2: Ground out 4-3 (Groundball, 13)
|
Top of the 1st over - 1 run(s), 2 hit(s), 0 error(s), 2 left on base; Vista 1 - San Francisco 0 |
BOTTOM OF THE 1ST |
San Francisco Bandits batting - Pitching for Vista Panthers : RHP Cristóbal Santos
|
Pitching: RHP Cristóbal Santos
|
|
Batting: RHB Pete Rideout
|
0-0: Ball 1-0: Ground out 5-3 (Groundball, 56S)
|
Batting: SHB Vicente Ricks
|
0-0: Ball 1-0: Fly out, F4 (Line Drive, 4)
|
Batting: RHB Jorge Morales
|
0-0: Called Strike 0-1: SINGLE (Line Drive, 89S)
|
Batting: RHB Michael Elliott
|
0-0: Ball 1-0: Ball 2-0: Fly out, F7 (Flyball, 7D)
|
Bottom of the 1st over - 0 run(s), 1 hit(s), 0 error(s), 1 left on base; Vista 1 - San Francisco 0 |
TOP OF THE 2ND |
Vista Panthers batting - Pitching for San Francisco Bandits : LHP Tomiji Takuda
|
Batting: RHB John Mendelson
|
0-0: Ball 1-0: Foul Ball, location: 2F 1-1: Ball 2-1: Ball 3-1: Called Strike 3-2: Base on Balls
|
Batting: RHB Roberto Cruz
|
0-0: Ball 1-0: Fly out, F8 (Popup, 8LS)
|
Batting: LHB António Glaviz
|
0-0: Ball 1-0: Called Strike 1-1: Ball 2-1: Fielders Choice at 2nd, 4-6 (Groundball, 4)
|
Batting: RHB Danny Crouch
|
0-0: Ground out 4-3 (Groundball, 4)
|
Top of the 2nd over - 0 run(s), 0 hit(s), 0 error(s), 1 left on base; Vista 1 - San Francisco 0 |
BOTTOM OF THE 2ND |
San Francisco Bandits batting - Pitching for Vista Panthers : RHP Cristóbal Santos
|
Batting: RHB Cory Foster
|
0-0: Foul Ball, location: 2F 0-1: Ball 1-1: Ball 2-1: Ball 3-1: Swinging Strike 3-2: Strikes out swinging
|
Batting: LHB Francisco Calderón
|
0-0: Swinging Strike 0-1: SINGLE (Line Drive, 56)
|
Batting: RHB Ramón Ruíz
|
0-0: Ball 1-0: Called Strike 1-1: Ball 2-1: Ball 3-1: Fly out, F8 (Line Drive, 8LS)
|
Batting: RHB Susumu Sugiyama
|
0-0: Called Strike 0-1: Ball 1-1: Foul Ball, location: 2F 1-2: Fly out, F8 (Line Drive, 8LM)
|
Bottom of the 2nd over - 0 run(s), 1 hit(s), 0 error(s), 1 left on base; Vista 1 - San Francisco 0 |
TOP OF THE 3RD |
Vista Panthers batting - Pitching for San Francisco Bandits : LHP Tomiji Takuda
|
Batting: SHB Juan Gómez
|
0-0: Called Strike 0-1: Ball 1-1: Ball 2-1: Ball 3-1: Called Strike 3-2: Strikes out swinging
|
Batting: LHB Harry Pitts
|
0-0: DOUBLE (Line Drive, 34D)
|
Batting: RHB Wilson López
|
0-0: DOUBLE (Line Drive, 9LD) Harry Pitts scores
|
Batting: RHB Jason Jackson
|
0-0: Ball 1-0: Ball 2-0: Called Strike 2-1: Foul Ball, location: 2F 2-2: Ball 3-2: Fly out, F8 (Line Drive, 8LD) Runner from 2nd tags up, SAFE at 3rd, no throw
|
Batting: LHB Patrick Osborne
|
0-0: Fly out, F8 (Flyball, 8LD)
|
Top of the 3rd over - 1 run(s), 2 hit(s), 0 error(s), 1 left on base; Vista 2 - San Francisco 0 |
BOTTOM OF THE 3RD |
San Francisco Bandits batting - Pitching for Vista Panthers : RHP Cristóbal Santos
|
Batting: RHB Jorge Díaz
|
0-0: Ball 1-0: Foul Ball, location: 2F 1-1: Fly out, F8 (Line Drive, 8RM)
|
Batting: RHB Pete Rideout
|
0-0: Ball 1-0: Ball 2-0: Called Strike 2-1: Ball 3-1: Called Strike 3-2: Strikes out swinging
|
Batting: SHB Vicente Ricks
|
0-0: Ground out 6-3 (Groundball, 6M)
|
Bottom of the 3rd over - 0 run(s), 0 hit(s), 0 error(s), 0 left on base; Vista 2 - San Francisco 0 |
TOP OF THE 4TH |
Vista Panthers batting - Pitching for San Francisco Bandits : LHP Tomiji Takuda
|
Batting: RHB John Mendelson
|
0-0: Called Strike 0-1: Fly out, F8 (Flyball, 8RD)
|
Batting: RHB Roberto Cruz
|
0-0: Ball 1-0: Ball 2-0: Ball 3-0: Base on Balls
|
Batting: LHB António Glaviz
|
0-0: Ball 1-0: Fly out, F7 (Flyball, 7M)
|
Batting: RHB Danny Crouch
|
0-0: Called Strike 0-1: Ball 1-1: Ball 2-1: Foul Ball, location: 2F 2-2: SINGLE (Groundball, 15S) (infield hit) Roberto Cruz to second
|
Batting: SHB Juan Gómez
|
0-0: Ball 1-0: Foul Ball, location: 2F 1-1: Fly out, F9 (Flyball, 9LMF)
|
Top of the 4th over - 0 run(s), 1 hit(s), 0 error(s), 2 left on base; Vista 2 - San Francisco 0 |
BOTTOM OF THE 4TH |
San Francisco Bandits batting - Pitching for Vista Panthers : RHP Cristóbal Santos
|
Batting: RHB Jorge Morales
|
0-0: Foul Ball, location: 2F 0-1: Foul Ball, location: 2F 0-2: Ball 1-2: Foul Ball, location: 2F 1-2: SINGLE (Flyball, 8LS)
|
Batting: RHB Michael Elliott
|
0-0: Called Strike 0-1: Foul Ball, location: 2F 0-2: Ball 1-2: Ball 2-2: SINGLE (Groundball, 34) Jorge Morales to second Runner from 2nd tries for 3rd, SAFE, throw made to third
|
Batting: RHB Cory Foster
|
0-0: Ball 1-0: Ball 2-0: Foul Ball, location: 2F 2-1: Ball 3-1: Base on Balls Michael Elliott to second
|
Batting: LHB Francisco Calderón
|
0-0: Fly out, F9 (Flyball, 89M)
|
Batting: RHB Ramón Ruíz
|
0-0: Ball 1-0: Ball 2-0: Ball 3-0: Called Strike 3-1: Base on Balls Jorge Morales scores Michael Elliott to third Cory Foster to second
|
Batting: RHB Susumu Sugiyama
|
0-0: Foul Ball, location: 2F 0-1: Ball 1-1: Foul Ball, location: 2F 1-2: Foul Ball, location: 2F 1-2: Foul Ball, location: 2F 1-2: Ball 2-2: Strikes out swinging
|
Batting: RHB Jorge Díaz
|
0-0: Fly out, F7 (Line Drive, 7M)
|
Bottom of the 4th over - 1 run(s), 2 hit(s), 0 error(s), 3 left on base; Vista 2 - San Francisco 1 |
TOP OF THE 5TH |
Vista Panthers batting - Pitching for San Francisco Bandits : LHP Tomiji Takuda
|
Batting: LHB Harry Pitts
|
0-0: Fly out, F8 (Line Drive, 8LXD)
|
Batting: RHB Wilson López
|
0-0: Called Strike 0-1: Called Strike 0-2: SINGLE (Flyball, 4D)
|
Batting: RHB Jason Jackson
|
0-0: Ball 1-0: Called Strike 1-1: Foul Ball, location: 2F 1-2: Ball Wilson López steals 2nd base 2-2: Foul Ball, location: 2F 2-2: Foul Ball, location: 2F 2-2: Foul Ball, location: 2F 2-2: Fly out, F4 (Line Drive, 34D)
|
Batting: LHB Patrick Osborne
|
0-0: Ball 1-0: Called Strike 1-1: Foul Ball, location: 2F 1-2: Foul Ball, location: 2F 1-2: Ground out 4-3 (Groundball, 4M)
|
Top of the 5th over - 0 run(s), 1 hit(s), 0 error(s), 1 left on base; Vista 2 - San Francisco 1 |
BOTTOM OF THE 5TH |
San Francisco Bandits batting - Pitching for Vista Panthers : RHP Cristóbal Santos
|
Batting: RHB Pete Rideout
|
0-0: Ground out 5-3 (Groundball, 5S)
|
Batting: SHB Vicente Ricks
|
0-0: Ground out 1-3 (Groundball, 25)
|
Batting: RHB Jorge Morales
|
0-0: Ball 1-0: SINGLE (Groundball, 34)
|
Batting: RHB Michael Elliott
|
0-0: Called Strike 0-1: Ground out 1-3 (Groundball, 13S)
|
Bottom of the 5th over - 0 run(s), 1 hit(s), 0 error(s), 1 left on base; Vista 2 - San Francisco 1 |
TOP OF THE 6TH |
Vista Panthers batting - Pitching for San Francisco Bandits : LHP Tomiji Takuda
|
Batting: RHB John Mendelson
|
0-0: Foul Ball, location: 2F 0-1: Swinging Strike 0-2: Ball 1-2: Ball 2-2: Foul Ball, location: 2F 2-2: Foul Ball, location: 2F 2-2: Ground out 6-3 (Groundball, 6M)
|
Pitching: RHP Pedro Castillo
|
|
Batting: RHB Roberto Cruz
|
0-0: Swinging Strike 0-1: Ground out 5-3 (Groundball, 5S)
|
Batting: LHB António Glaviz
|
0-0: Ball 1-0: DOUBLE (Flyball, 89D)
|
Batting: RHB Danny Crouch
|
0-0: Swinging Strike 0-1: Called Strike 0-2: Foul Ball, location: 2F 0-2: Ball 1-2: Ball 2-2: Ball 3-2: Foul Ball, location: 2F 3-2: Foul Ball, location: 2F 3-2: SINGLE (Flyball, 6MD) António Glaviz to third António Glaviz scores
|
Pitching: RHP Mal Park
|
|
Batting: SHB Juan Gómez
|
0-0: Called Strike 0-1: Ball 1-1: Ball 2-1: Ball 3-1: Foul Ball, location: 2F 3-2: Base on Balls Danny Crouch to second
|
Pitching: RHP José Rivera
|
|
Batting: LHB Harry Pitts
|
0-0: Swinging Strike 0-1: Foul Ball, location: 2F 0-2: Strikes out swinging
|
Top of the 6th over - 1 run(s), 2 hit(s), 0 error(s), 2 left on base; Vista 3 - San Francisco 1 |
BOTTOM OF THE 6TH |
San Francisco Bandits batting - Pitching for Vista Panthers : RHP Cristóbal Santos
|
Batting: RHB Cory Foster
|
0-0: Swinging Strike 0-1: Foul Ball, location: 2F 0-2: Ball 1-2: Ball 2-2: Foul Ball, location: 2F 2-2: Foul Ball, location: 2F 2-2: Ball 3-2: Strikes out swinging
|
Batting: LHB Francisco Calderón
|
0-0: Ball 1-0: Fly out, F6 (Popup, 6M)
|
Batting: RHB Ramón Ruíz
|
0-0: Ball 1-0: Ball 2-0: Ball 3-0: Called Strike 3-1: Base on Balls
|
Batting: RHB Susumu Sugiyama
|
0-0: Fly out, F8 (Flyball, 8LD)
|
Bottom of the 6th over - 0 run(s), 0 hit(s), 0 error(s), 1 left on base; Vista 3 - San Francisco 1 |
TOP OF THE 7TH |
Vista Panthers batting - Pitching for San Francisco Bandits : RHP José Rivera
|
Pitching: RHP Carlos Ruíz
|
|
Batting: RHB Wilson López
|
0-0: Ball 1-0: Called Strike 1-1: Ground out 1-3 (Groundball, 15)
|
Batting: RHB Jason Jackson
|
0-0: Ball 1-0: Ground out 6-3 (Groundball, 6MS)
|
Batting: LHB Patrick Osborne
|
0-0: Ball 1-0: Ball 2-0: Ball 3-0: Base on Balls
|
Batting: RHB John Mendelson
|
0-0: Ball 1-0: Ball 2-0: SINGLE (Line Drive, 6MD) Patrick Osborne to second
|
Batting: RHB Roberto Cruz
|
0-0: Called Strike 0-1: Foul Ball, location: 2F 0-2: Ball 1-2: Ball 2-2: Ball 3-2: Strikes out looking
|
Top of the 7th over - 0 run(s), 1 hit(s), 0 error(s), 2 left on base; Vista 3 - San Francisco 1 |
BOTTOM OF THE 7TH |
San Francisco Bandits batting - Pitching for Vista Panthers : RHP Cristóbal Santos
|
Pitching: RHP Warren Piniella
|
|
Batting: RHB Jorge Díaz
|
0-0: Ball 1-0: Ground out 5-3 (Groundball, 5)
|
Batting: RHB Pete Rideout
|
0-0: Ball 1-0: Ground out 5-3 (Groundball, 56)
|
Batting: SHB Vicente Ricks
|
0-0: Called Strike 0-1: Ball 1-1: Fly out, F7 (Flyball, 7LD)
|
Bottom of the 7th over - 0 run(s), 0 hit(s), 0 error(s), 0 left on base; Vista 3 - San Francisco 1 |
TOP OF THE 8TH |
Vista Panthers batting - Pitching for San Francisco Bandits : RHP Carlos Ruíz
|
Batting: LHB António Glaviz
|
0-0: DOUBLE (Flyball, 78XD)
|
Batting: RHB Danny Crouch
|
0-0: Ball 1-0: Ball 2-0: Ground out 6-3 (Groundball, 6) António Glaviz to third
|
Batting: SHB Juan Gómez
|
0-0: Intentional Walk
|
Batting: LHB Harry Pitts
|
0-0: Ball 1-0: Called Strike 1-1: Ball 2-1: Ball 3-1: Called Strike 3-2: Foul Ball, location: 2F 3-2: Base on Balls Juan Gómez to second
|
Batting: RHB Wilson López
|
0-0: SINGLE (Groundball, 4MD) António Glaviz scores Juan Gómez to third Harry Pitts to second
|
Batting: RHB Jason Jackson
|
0-0: Ball 1-0: Ball 2-0: Ball 3-0: Called Strike 3-1: Base on Balls Juan Gómez scores Harry Pitts to third Wilson López to second
|
Batting: LHB Patrick Osborne
|
0-0: Ball 1-0: Foul Ball, location: 2F 1-1: Foul Ball, location: 2F 1-2: Ball 2-2: Foul Ball, location: 2F 2-2: SINGLE (Groundball, 25) (infield hit) Harry Pitts scores Wilson López to third Jason Jackson to second
|
Batting: RHB John Mendelson
|
0-0: Ball 1-0: Ball 2-0: Foul Ball, location: 2F 2-1: GRAND SLAM HOME RUN (Flyball, 78XD), Distance : 366 ft
|
Batting: RHB Roberto Cruz
|
0-0: Ball 1-0: Ball 2-0: Ball 3-0: Base on Balls
|
Batting: LHB António Glaviz
|
0-0: SINGLE (Groundball, 25) (infield hit) Roberto Cruz to second
|
Batting: RHB Danny Crouch
|
0-0: Ball 1-0: Ball 2-0: Ball 3-0: Base on Balls Roberto Cruz to third António Glaviz to second
|
Batting: SHB Juan Gómez
|
0-0: Ball 1-0: Ball 2-0: Called Strike 2-1: Ball 3-1: Base on Balls Roberto Cruz scores António Glaviz to third Danny Crouch to second
|
Pitching: RHP Álex Rodríguez
|
|
Batting: LHB Harry Pitts
|
0-0: Reached on error, E4 (Groundball, 4) António Glaviz scores Danny Crouch to third Juan Gómez to second
|
Batting: RHB Wilson López
|
0-0: Called Strike 0-1: Grounds into double play, 6-4-3 (Groundball, 6)
|
Top of the 8th over - 9 run(s), 5 hit(s), 1 error(s), 2 left on base; Vista 12 - San Francisco 1 |
BOTTOM OF THE 8TH |
San Francisco Bandits batting - Pitching for Vista Panthers : RHP Warren Piniella
|
Batting: RHB Jorge Morales
|
0-0: Ball 1-0: Called Strike 1-1: Ball 2-1: Swinging Strike 2-2: SINGLE (Groundball, 4MD)
|
Batting: RHB Michael Elliott
|
0-0: Fly out, F8 (Flyball, 8RM)
|
Batting: RHB Cory Foster
|
0-0: Ball 1-0: Called Strike 1-1: Ball 2-1: Swinging Strike 2-2: Strikes out swinging
|
Batting: LHB Francisco Calderón
|
0-0: Ball 1-0: Fly out, F6 (Popup, 56D)
|
Bottom of the 8th over - 0 run(s), 1 hit(s), 0 error(s), 1 left on base; Vista 12 - San Francisco 1 |
TOP OF THE 9TH |
Vista Panthers batting - Pitching for San Francisco Bandits : RHP Álex Rodríguez
|
Batting: RHB Jason Jackson
|
0-0: Called Strike 0-1: Ball 1-1: Ball 2-1: Ball 3-1: Base on Balls
|
Batting: LHB Patrick Osborne
|
0-0: Ball 1-0: Called Strike Pickoff Throw to First - Out! 1-1: Ball 2-1: Ball 3-1: Called Strike 3-2: SINGLE (Flyball, 8LS)
|
Batting: RHB John Mendelson
|
0-0: Ball 1-0: Foul Ball, location: 2F 1-1: Called Strike 1-2: Strikes out swinging
|
Batting: RHB Roberto Cruz
|
0-0: Ball 1-0: Ball 2-0: Ball 3-0: Base on Balls Patrick Osborne to second
|
Batting: LHB António Glaviz
|
0-0: Ball 1-0: Ball 2-0: Foul Ball, location: 2F 2-1: Swinging Strike 2-2: Strikes out looking
|
Top of the 9th over - 0 run(s), 1 hit(s), 0 error(s), 2 left on base; Vista 12 - San Francisco 1 |
BOTTOM OF THE 9TH |
San Francisco Bandits batting - Pitching for Vista Panthers : RHP Warren Piniella
|
Batting: RHB Ramón Ruíz
|
0-0: Hit by Pitch
|
Batting: RHB Susumu Sugiyama
|
0-0: Called Strike 0-1: Ball 1-1: Ball 2-1: SINGLE (Groundball, 6MD) Ramón Ruíz to second
|
Batting: RHB Jorge Díaz
|
0-0: Called Strike 0-1: Fly out, F7 (Line Drive, 78M)
|
Pinch Hitting: LHB Germán Rivas
|
0-0: Called Strike 0-1: Foul Ball, location: 2F 0-2: Ball 1-2: Ball 2-2: Foul Ball, location: 2F 2-2: Ball 3-2: Strikes out swinging
|
Batting: SHB Vicente Ricks
|
0-0: Ball 1-0: Ball 2-0: Foul Ball, location: 2F 2-1: Ball 3-1: Called Strike 3-2: Foul Ball, location: 2F 3-2: Strikes out swinging
|
Bottom of the 9th over - 0 run(s), 1 hit(s), 0 error(s), 2 left on base; Vista 12 - San Francisco 1 |
|